 Seeded DCSS version 0.31-a0-1074-g0b22e4e0f1 (webtiles) character file.

Game seed: 16630335833703923360 (custom seed)

190646 timneilson the Warrior (level 18, -15/120 HPs)
             Began as a Gargoyle Fighter on Dec 3, 2023.
             Was the Champion of Qazlal.
             Demolished by a radroach (34 damage)
             ... on level 1 of the Spider Nest.
             The game lasted 01:35:53 (24814 turns).

timneilson the Warrior (Gargoyle Fighter)          Turns: 24814, Time: 01:35:54

Health: -15/120    AC: 41    Str: 23 (26) XL:     18   Next: 17%
Magic:  0/37       EV:  9    Int: 10      God:    Qazlal [******]
Gold:   4307       SH: 36    Dex: 11      Spells: 17/17 levels left

rFire   + + .        a - +3 scimitar (flame)
rCold   + + +        h - +10 tower shield of Ignorance {rN+ Int-4}
rNeg    + + +        U - +2 plate armour {rF+}
rPois   ∞            b - +2 helmet
rElec   +            S - +0 cloak "Jostro Guss" {rF++ rN++ MP+9}
rCorr   +            x - +0 pair of gloves "Deroarem" {rC+ rN+ Regen+ Slay+3}
SInv    .            J - +0 pair of boots
Will    +++..        X - amulet of regeneration Stlth
                     T - ring "Tadotewi" {Ice Will+ rCorr Int+3 Dex-4}
HPRegen 2.00/turn    y - ring of Yrirod {rC+ Will+ Str+6}
MPRegen 0.25/turn

%: repel missiles
@: about to teleport, flying, very slightly contaminated, studying 3 skills
A: sickness immunity, AC +13, big wings, negative energy resistance 1,
electricity resistance, torment resistance 1, petrification resistance
}: 1/15 runes: decaying
a: Renounce Religion, Upheaval, Elemental Force, Disaster Area


You were on level 1 of the Spider Nest.
You worshipped Qazlal.
Qazlal was exalted by your worship.
You visited 5 branches of the dungeon, and saw 28 of its levels.
You also visited: Sewer, Ossuary, Bailey and Gauntlet.

You collected 4307 gold pieces.

Inventory:

Hand Weapons
 a - a +3 scimitar of flaming (weapon)
 f - a +0 scimitar
Missiles
 L - 5 throwing nets
Armour
 b - a +2 helmet (worn)
 h - the +10 tower shield of Ignorance (worn) {rN+ Int-4}
   (You acquired it on level 2 of the Dungeon)

   Int-4:     It affects your intelligence (-4).
   rN+:       It protects you from negative energy.
 x - the +0 pair of gloves "Deroarem" (worn) {rC+ rN+ Regen+ Slay+3}
   (You acquired it on level 6 of the Dungeon)

   Slay+3:    It affects your accuracy & damage with ranged weapons and melee
   (+3).
   rC+:       It protects you from cold.
   rN+:       It protects you from negative energy.
   Regen+:    It increases your rate of health regeneration.
 J - a +0 pair of boots (worn)
 S - the +0 cloak "Jostro Guss" (worn) {rF++ rN++ MP+9}
   (You found it in a Gauntlet)

   rF++:      It greatly protects you from fire.
   rN++:      It greatly protects you from negative energy.
   MP+9:      It affects your magic capacity (+9).
 U - a +2 plate armour of fire resistance (worn)
Jewellery
 y - the ring of Yrirod (right hand) {rC+ Will+ Str+6}
   (You found it on level 1 of the Orcish Mines)

   [ring of strength]

   Str+6:     It affects your strength (+6).
   rC+:       It protects you from cold.
   Will+:     It increases your willpower.
 K - the ring of Ciob {rN+ Dex+6 Slay+6}
   (You acquired it on level 2 of the Swamp)

   [ring of dexterity]

   Dex+6:     It affects your dexterity (+6).
   Slay+6:    It affects your accuracy & damage with ranged weapons and melee
   (+6).
   rN+:       It protects you from negative energy.
 T - the ring "Tadotewi" (left hand) {Ice Will+ rCorr Int+3 Dex-4}
   (You found it in a Gauntlet)

   [ring of ice]

   Ice:       It enhances your ice magic.
   Int+3:     It affects your intelligence (+3).
   Dex-4:     It affects your dexterity (-4).
   rF-:       It makes you vulnerable to fire.
   rC+:       It protects you from cold.
   Will+:     It increases your willpower.
   rCorr:     It protects you from acid and corrosion.
 X - an amulet of regeneration (around neck)
Wands
 u - a wand of mindburst (30)
 E - a wand of iceblast (23)
 F - a wand of charming (47)
 H - a wand of flame (72)
 R - a wand of acid (12)
 W - a wand of digging (14)
Scrolls
 c - a scroll of amnesia
 j - a scroll of vulnerability
 k - 10 scrolls of teleportation
 o - 3 scrolls of fog
 r - 4 scrolls of identify
 t - a scroll of brand weapon
 w - 5 scrolls of immolation
 z - 5 scrolls of blinking
 A - 9 scrolls of poison
 I - 4 scrolls of enchant armour
 M - 3 scrolls of summoning
 N - a scroll of silence
 O - 4 scrolls of enchant weapon
 P - 8 scrolls of fear
Potions
 d - 8 potions of might
 e - 12 potions of curing
 g - 6 potions of mutation
 i - 3 potions of cancellation
 l - a potion of attraction
 m - 5 potions of resistance
 n - 2 potions of enlightenment
 p - 4 potions of haste
 q - a potion of heal wounds
 v - 3 potions of ambrosia
 B - a potion of lignification
 C - a potion of magic
 D - 5 potions of invisibility
 G - 2 potions of berserk rage
Miscellaneous
 s - a phial of floods
 Q - a lightning rod (4/4)
 V - a sack of spiders
 Z - a phantom mirror


   Skills:
 * Level 15.6 Fighting
 * Level 13.2 Long Blades
 * Level 15.6 Armour
 + Level 9.0 Dodging
 * Level 15.6 Shields
 + Level 14.0 Invocations
 + Level 9.0 Evocations


You had 17 spell levels left.
You didn't know any spells.
Your spell library contained the following spells:

 Spells                   Type           Power      Damage    Failure   Level
 Apportation              Tloc           0%         N/A       100%        1
 Freeze                   Ice            0%         1d3       100%        1
 Necrotise                Necr           0%         1d4       100%        1
 Shock                    Conj/Air       0%         1d3       100%        1
 Sting                    Tmut/Pois      0%         1d3       100%        1
 Blink                    Tloc           0%         N/A       100%        2
 Ensorcelled Hibernation  Hex/Ice        0%         N/A       100%        2
 Jinxbite                 Hex            0%         N/A       100%        2
 Lesser Beckoning         Tloc           0%         N/A       100%        2
 Momentum Strike          Conj/Tloc      0%         3d8       100%        2
 Passwall                 Tmut/Erth      0%         N/A       100%        2
 Poisonous Vapours        Pois/Air       0%         N/A       100%        2
 Frozen Ramparts          Ice            0%         1d1       100%        3
 Gell's Gravitas          Tloc           0%         N/A       100%        3
 Mephitic Cloud           Conj/Pois/Air  0%         N/A       100%        3
 Ozocubu's Armour         Ice            0%         N/A       100%        3
 Swiftness                Air            0%         N/A       100%        3
 Teleport Other           Tloc           0%         N/A       100%        3
 Vampiric Draining        Necr           0%         2d6       100%        3
 Airstrike                Air            0%         2d(0-16)  100%        4
 Dispel Undead            Necr           0%         3d6       100%        4
 Manifold Assault         Tloc           0%         N/A       100%        4
 Olgreb's Toxic Radiance  Pois           0%         N/A       100%        4
 Petrify                  Tmut/Erth      0%         N/A       100%        4
 Agony                    Necr           0%         N/A       100%        5
 Alistair's Intoxication  Tmut/Pois      0%         N/A       100%        5
 Freezing Cloud           Conj/Ice/Air   0%         6-21      100%        5
 Irradiate                Conj/Tmut      0%         3d11      100%        5
 Metabolic Englaciation   Hex/Ice        0%         N/A       100%        5
 Silence                  Hex/Air        0%         N/A       100%        5
 Conjure Ball Lightning   Conj/Air       0%         3x3d6     100%        6
 Death Channel            Necr           0%         N/A       100%        6
 Dispersal                Tloc           0%         N/A       100%        6
 Discord                  Hex            0%         N/A       100%        8
 Disjunction              Tloc           0%         N/A       100%        8
 Chain Lightning          Conj/Air       0%         N/A       100%        9
 Cigotuvi's Dreadful Rot  Necr/Pois/Air  Unusable   N/A       N/A         2
 Sublimation of Blood     Necr           Unusable   N/A       N/A         2

Dungeon Overview and Level Annotations

Branches:
Dungeon (15/15)            Temple (0/1) D:4            Lair (5/5) D:10
  Swamp (4/4) Lair:2       Spider (2/4) Lair:2        Slime (0/5) Lair:4
    Orc (2/2) D:11            Elf (0/3) Orc:2        Vaults (0/5) D:14
 Depths (0/4) D:15          Sewer (visited)         Ossuary (visited)
 Bailey (visited)         Gauntlet (visited)

Altars:
Ashenzari
Dithmenos
Fedhas
Gozag
Qazlal
Ru
Uskayaw
Wu Jian
Xom
Yredelemnul
Jiyva

Shops:
D:11 :   D:15 (   Orc:2 :**[

Annotations:
Lair:5 2 transporters, Smoke131's ghost, journeyman OgGl
Swamp:2 2 transporters, Don Ynad's ghost, adept FoDe


Innate Abilities, Weirdness & Mutations

You are immune to sickness and miasma.
Your stone body is resilient. (AC +13)
You are immune to poison.
Your large and strong wings let you fly.
You resist negative energy. (rN+)
You are resistant to electric shocks. (rElec)
You are resistant to unholy torment.
You are immune to petrification.


Message History

Unknown command.
You slash something! You burn something. You block the radroach's attack. x2
Something hits you but does no damage. x2; Something completely misses you.
You hit something but do no damage. You block the radroach's attack. x2
You block something's attack. Something hits you but does no damage.
Something stings you but does no damage.
Unknown command.
You closely miss something.
You feel you are being watched by something.
You feel your power leaking away. Something hits you but does no damage.
You block something's attack. x2
You block the radroach's attack.
The radroach claws you but does no damage.
You slash something! You burn something.
Something hits you but does no damage. x2
Something stings you but does no damage.
The radroach bites you but does no damage.
You block the radroach's attack.
You slash something! You burn something.
You feel you are being watched by something.
Something hits you but does no damage. You block something's attack. x2
The radroach bites you!
The radroach claws you but does no damage.
You slash something! You burn something. Something hits you but does no damage.
You block something's attack.
Something stings you but does no damage.
The radroach erupts in a fountain of uncontrolled magic!
You are blasted with magical radiation!!
* * * LOW HITPOINT WARNING * * *
You are very lightly contaminated with residual magic.
As you read the scroll of teleportation, it crumbles to dust.
You feel strangely unstable.
You feel you are being watched by something.
You feel your power leaking away. Something hits you.
* * * LOW HITPOINT WARNING * * *
Something hits you but does no damage.
Something stings you but does no damage.
The radroach erupts in a fountain of uncontrolled magic!
You are blasted with magical radiation!!
You die...

#...#..#..#.....#..#
#.#......##..#.#..##
##.(##.....#........
#########..##...^#..
######.#.###.#...##.....#
##................###..#..
#........#○.#...####..##..
##.#..##{○..^..## ##..#..
##....###@B#..## ##....
#....[# ####### ##...
##....## ##.. ####...^##
### ##.###..## ###...#.^.#
.....#..#### ......##.#.##
######......##


You could see a radroach.

Vanquished Creatures
  2 thorn hunters (Swamp:4)
  Kirke (D:12)
  Aizul (Swamp:2)
  2 fenstrider witches
  Louise (Spider:1)
  2 ghouls
  3 eleionomae
  Azrael (Orc:2)
  2 dire elephants (Swamp:4)
  3 bunyips
  A minotaur (Gauntlet)
  A spark wasp (Spider:1)
  An ettin (D:15)
  A fire dragon (Swamp:2)
  The ghost of Doj the Destroyer, a journeyman DsFE of Vehumet (Orc:1)
  3 shambling mangroves (Swamp:4)
  The ghost of Doj the Carver, a journeyman GnFE of Vehumet (D:12)
  Fannar (Orc:1)
  Harold (Orc:1)
  14 hydras
  2 vault guards (D:14)
  An ogre mage (D:15)
  3 ghost crabs
  10 boulder beetles
  5 centaur warriors
  15 alligators
  9 two-headed ogres
  4 catoblepae
  11 death yaks
  A deep troll shaman (Lair:5)
  A death knight (D:14)
  Erica (Lair:2)
  3 tengu warriors
  2 demonic crawlers (Spider:1)
  4 orc high priests (Orc:2)
  The ghost of gribnar the Covert, a journeyman VSFi of Uskayaw (D:10)
  A fire crab (Lair:4)
  A deep elf knight (Swamp:4)
  3 skeletal warriors (D:15)
  7 spriggan druids
  4 sixfirhies (Gauntlet)
  A deep troll (D:15)
  2 goliath frogs
  A glowing orange brain (D:10)
  2 arcanists (D:14)
  A sea snake (shapeshifter) (D:14)
  The ghost of ShellytheWitch the Slicer, a novice KoBr (D:7)
  A deep elf archer (Swamp:4)
  A flayed ghost (Swamp:4)
  12 swamp dragons
  3 spectral hydras (Swamp:4)
  2 orc knights
  2 lindwurms
  3 deep elf pyromancers
  An orb spider (Spider:1)
  A necromancer (D:14)
  2 orc sorcerers
  3 oklob plants (Swamp:4)
  4 wolf spiders (Spider:1)
  3 moths of wrath
  5 cyclopes
  7 will-o-the-wisps
  Maurice (Orc:1)
  2 manticores
  5 ugly things
  7 black mambas
  15 elephants
  14 cane toads
  A gargoyle (D:8)
  A kobold demonologist (D:11)
  3 freezing wraiths
  2 komodo dragons
  A tengu conjurer (D:15)
  A yaktaur (D:8)
  6 rime drakes
  6 tyrant leeches
  2 death drake zombies (Swamp:4)
  13 hornets
  A wolf spider simulacrum (Gauntlet)
  2 hydra zombies (Swamp:4)
  7 trolls
  6 tarantellas
  A polar bear (Lair:5)
  A raiju (Swamp:4)
  26 blink frogs
  3 hydra skeletons (Swamp:4)
  3 centaur simulacra
  8 slime creatures
  9 spriggans
  2 jumping spiders (Spider:1)
  A shadow (D:8)
  5 wraiths
  17 wyverns
  3 culicivoras (Spider:1)
  41 yaks
  2 hogs (D:12)
  10 basilisks
  A fire elemental (Orc:2)
  19 humans (D:14)
  4 vampire mosquitoes (D:9)
  4 steam dragons
  Grum (D:7)
  A hog (shapeshifter) (D:14)
  14 redbacks (Spider:1)
  10 wargs
  A harpy simulacrum (Gauntlet)
  14 swamp worms
  17 water moccasins
  An acid dragon (D:10)
  3 hell hounds (Orc:2)
  3 hydra simulacra (Swamp:4)
  35 orc warriors
  A meliai simulacrum (D:12)
  9 swamp drakes
  3 ice beasts
  3 swamp dragon zombies (Swamp:4)
  3 sky beasts
  3 black bears
  6 ogres
  26 wolves
  5 centaurs
  A boggart (D:8)
  A swamp dragon skeleton (Swamp:4)
  2 phantoms
  An elf zombie (Ossuary)
  11 kobold brigands
  18 bullfrogs
  5 gnoll sergeants
  7 scorpions
  4 wights (D:7)
  8 killer bees (D:8)
  8 howler monkeys
  2 electric eels
  A centaur zombie (Ossuary)
  4 hounds
  A hound (shapeshifter) (D:15)
  4 human zombies (Ossuary)
  35 orc priests
  5 jellies
  A gnoll bouda (D:7)
  A sleepcap (D:6)
  44 orc wizards
  7 hell rats (Lair:5)
  2 mummies (Ossuary)
  Robin (D:4)
  18 gnolls
  7 adders
  2 river rats
  2 shadow imps
  A white imp (D:7)
  2 ufetubi (D:5)
  6 worms
  3 dart slugs
  65 orcs
  4 endoplasms
  6 giant cockroaches
  17 goblins
  9 hobgoblins
  3 jackals (D:4)
  52 kobolds
  2 quokkas
  14 ball pythons
  A bat (D:1)
  4 frilled lizards
  2 goblin zombies (Ossuary)
  11 hobgoblin zombies (Ossuary)
  A jackal zombie (Ossuary)
  8 kobold zombies (Ossuary)
  6 orc zombies (Ossuary)
  12 rats
  2 rat zombies (Ossuary)
1039 creatures vanquished.

Vanquished Creatures (others)
  2 bloated husks
  A hornet (Swamp:4)
  39 foxfires
42 creatures vanquished.

Grand Total: 1081 creatures vanquished

Notes
Turn   | Place    | Note
-------+----------+-------------------------------------------
     0 | D:1      | timneilson the Gargoyle Fighter began the quest for the
                  | Orb.
     0 | D:1      | Reached XP level 1. HP: 14/14 MP: 1/1
   209 | D:1      | Reached XP level 2. HP: 16/19 MP: 2/2
   525 | D:1      | Reached XP level 3. HP: 23/23 MP: 3/3
   893 | D:2      | Identified a scroll of acquirement
   893 | D:2      | Acquired the +10 tower shield of Ignorance {rN+ Int-4}
   893 | D:2      | Found the +10 tower shield of Ignorance {rN+ Int-4}
   914 | D:2      | Found a stormy altar of Qazlal.
   971 | D:2      | Became a worshipper of Qazlal Stormbringer
  1676 | D:3      | Found a blossoming altar of Fedhas.
  1699 | D:3      | Reached XP level 4. HP: 29/29 MP: 4/4
  2257 | D:4      | Found a staircase to the Ecumenical Temple.
  2276 | D:4      | Found a sand-covered staircase.
  2280 | Ossuary  | Entered an ossuary
  2291 | Ossuary  | Reached * piety under Qazlal
  2433 | Ossuary  | Reached skill level 1 in Dodging
  2433 | Ossuary  | Reached XP level 5. HP: 33/33 MP: 5/5
  2454 | Ossuary  | Reached skill level 1 in Invocations
  2469 | Ossuary  | Reached XP level 6. HP: 39/39 MP: 4/6
  2585 | Ossuary  | Reached ** piety under Qazlal
  2849 | D:4      | Noticed Robin
  2856 | D:3      | Reached XP level 7. HP: 44/44 MP: 8/8
  2973 | D:4      | Killed Robin
  3002 | D:4      | Found a shadowy altar of Dithmenos.
  3041 | D:4      | Reached skill level 5 in Shields
  3093 | D:4      | Found a shimmering altar of Xom.
  3097 | D:4      | Found a sacrificial altar of Ru.
  3100 | D:4      | Found a broken altar of Ashenzari.
  3103 | D:4      | Found a stormy altar of Qazlal.
  3429 | D:5      | Entered Level 5 of the Dungeon
  3477 | D:5      | Reached skill level 5 in Armour
  3480 | D:5      | Reached skill level 5 in Fighting
  3716 | D:5      | Reached *** piety under Qazlal
  3733 | D:5      | Reached skill level 1 in Evocations
  3748 | D:5      | Reached XP level 8. HP: 49/49 MP: 9/9
  4006 | D:6      | Noticed a wyvern
  4038 | D:6      | Killed a wyvern
  4076 | D:6      | Acquired the +0 pair of gloves "Deroarem" {rC+ rN+ Regen+
                  | Slay+3}
  4272 | D:6      | Found a glowing drain.
  4296 | Sewer    | Entered a sewer
  4430 | Sewer    | Reached **** piety under Qazlal
  4644 | D:6      | Reached XP level 9. HP: 52/55 MP: 9/11
  5130 | D:7      | Reached skill level 5 in Long Blades
  5185 | D:7      | Identified the -1 cloak of Burr {Will+}
  5334 | D:7      | Found a transporter.
  5334 | D:7      | Identified the ring "Neun" {Ice Will- MP+9 Dex+8}
  5337 | D:7      | Found a transporter.
  5340 | D:7      | Noticed ShellytheWitch's ghost (novice KoBr)
  5340 | D:7      | Identified the +1 buckler of Disimufi {rPois rC+ Will+
                  | Int-3}
  5345 | D:7      | Noticed Grum
  5452 | D:7      | Noticed a hornet
  5472 | D:7      | Killed a hornet
  5973 | D:8      | Noticed a two-headed ogre
  5979 | D:8      | Reached XP level 10. HP: 30/63 MP: 1/13
  5996 | D:8      | Killed a two-headed ogre
  6311 | D:8      | Reached ***** piety under Qazlal
  6373 | D:8      | Noticed a two-headed ogre
  6388 | D:8      | Killed a two-headed ogre
  6441 | D:8      | Noticed a manticore
  6467 | D:8      | Noticed a four-headed hydra
  6478 | D:8      | Killed a manticore
  6479 | D:8      | Reached skill level 5 in Invocations
  6479 | D:8      | Reached XP level 11. HP: 59/69 MP: 10/14
  6479 | D:8      | Killed a four-headed hydra
  6599 | D:8      | Noticed a two-headed ogre
  6604 | D:8      | Killed a two-headed ogre
  6652 | D:8      | Identified the +2 pair of gloves "Peocsesh" {Int+4}
  7267 | D:9      | Reached ****** piety under Qazlal
  8116 | D:7      | Killed Grum
  8132 | D:7      | Killed ShellytheWitch's ghost
  8133 | D:7      | Reached XP level 12. HP: 61/76 MP: 10/16
  8357 | D:10     | Entered Level 10 of the Dungeon
  8427 | D:10     | Found a flagged portal.
  8432 | Bailey   | Entered a bailey
  8469 | Bailey   | Reached skill level 5 in Dodging
  8483 | Bailey   | Found a large runed translucent door.
  8483 | Bailey   | Found a large runed translucent door.
  8503 | Bailey   | Identified the +3 leather armour "Xuethem" {Harm rPois
                  | rC+++ Int-4}
  8722 | D:10     | Reached skill level 10 in Shields
  8803 | D:10     | Found a runed translucent gate.
  8806 | D:10     | Noticed gribnar's ghost (journeyman VSFi)
  8970 | D:10     | Reached skill level 10 in Armour
  8994 | D:10     | Found a runed translucent gate.
  8998 | D:10     | Found a runed translucent gate.
  8999 | D:10     | Found an opulent altar of Gozag.
  9209 | D:10     | Found a staircase to the Lair.
  9525 | D:10     | Reached skill level 10 in Fighting
  9538 | D:10     | Killed gribnar's ghost
  9603 | D:11     | Reached skill level 5 in Evocations
  9734 | D:11     | Noticed a boulder beetle
  9764 | D:11     | Killed a boulder beetle
  9981 | D:11     | Found a staircase to the Orcish Mines.
 10047 | D:11     | Found Ephyqee's Self-Published Books.
 10790 | D:12     | Noticed Kirke
 10795 | D:12     | Killed Kirke
 10869 | D:12     | Reached XP level 13. HP: 83/83 MP: 16/18
 10875 | D:12     | Found a gate leading to a gauntlet.
 10880 | Gauntlet | Entered a Gauntlet
 10880 | Gauntlet | Found a transporter.
 10880 | Gauntlet | Found a transporter.
 10880 | Gauntlet | Found a transporter.
 10890 | Gauntlet | Found a transporter.
 11022 | Gauntlet | Found a transporter.
 11047 | Gauntlet | Found a transporter.
 11055 | Gauntlet | Identified the +0 cloak "Jostro Guss" {rF++ rN++ MP+9}
 11064 | Gauntlet | Found a transporter.
 11078 | Gauntlet | Identified the ring "Tadotewi" {Ice Will+ rCorr Int+3
                  | Dex-4}
 11086 | Gauntlet | Found a transporter.
 11122 | Gauntlet | Noticed a minotaur
 11150 | Gauntlet | Killed a minotaur
 11156 | Gauntlet | Got Sif Muna's Excursus on the Tundra and Voltage
 11213 | D:12     | Found a large runed translucent door.
 11213 | D:12     | Found a large runed translucent door.
 11213 | D:12     | Noticed Doj's ghost (journeyman GnFE)
 11273 | D:12     | Killed Doj's ghost
 11738 | Lair:1   | Entered Level 1 of the Lair of Beasts
 12039 | Lair:1   | Gained mutation: Your large and strong wings let you fly.
                  | [Gargoyle growth]
 12039 | Lair:1   | Reached XP level 14. HP: 91/91 MP: 20/20
 12886 | Lair:2   | Noticed Erica
 12894 | Lair:2   | Killed Erica
 13041 | Lair:2   | Found a hole to the Spider Nest.
 13199 | Lair:2   | Reached skill level 10 in Long Blades
 13229 | Lair:2   | Found a staircase to the Swamp.
 13592 | Lair:3   | Reached skill level 10 in Invocations
 14353 | Lair:4   | Found a staircase to the Slime Pits.
 14354 | Lair:4   | Found a viscous altar of Jiyva.
 14403 | Lair:4   | Identified the +5 dagger of Fedhas's Displeasure {heavy,
                  | Int+4}
 15117 | Lair:5   | Entered Level 5 of the Lair of Beasts
 15229 | Lair:4   | Reached XP level 15. HP: 92/97 MP: 22/22
 15326 | Lair:5   | Identified the +9 dire flail "Fyfuhum" {flame, Str-5 Int+8}
 15402 | Lair:5   | Identified the +1 falchion "Xocotute" {speed, Will+ MP+9
                  | Int+2}
 15769 | Lair:5   | Noticed Smoke131's ghost (journeyman OgGl)
 15776 | Lair:5   | Found a transporter.
 15780 | Lair:5   | Found a transporter.
 15860 | Lair:5   | Found a hide-covered altar of Uskayaw.
 15860 | Lair:5   | Found an ornate altar of the Wu Jian Council.
 16114 | Orc:1    | Entered Level 1 of the Orcish Mines
 16114 | Orc:1    | Found a transporter.
 16137 | Orc:1    | Noticed Harold
 16148 | Orc:1    | Killed Harold
 16220 | Orc:1    | Noticed Maurice
 16230 | Orc:1    | Killed Maurice
 16306 | Orc:1    | Noticed Fannar
 16323 | Orc:1    | Killed Fannar
 16388 | Orc:1    | Noticed Doj's ghost (journeyman DsFE)
 16731 | Orc:1    | Killed Doj's ghost
 16739 | Orc:1    | Found a transporter.
 16740 | Orc:1    | Identified the amulet "Duyclon" {Acrobat rN++}
 16744 | Orc:1    | Identified the ring of Yrirod {rC+ Will+ Str+6}
 16811 | Orc:2    | Entered Level 2 of the Orcish Mines
 16811 | Orc:2    | Found a staircase to the Elven Halls.
 17050 | Orc:2    | Noticed Azrael
 17101 | Orc:2    | Killed Azrael
 17592 | Orc:2    | Found Feoxif's Assorted Antiques.
 17592 | Orc:2    | Found Jual's Armour Shop.
 17593 | Orc:2    | Found Urhuevu's General Store.
 17596 | Orc:2    | Found Ygucait's Book Boutique.
 19010 | D:14     | Reached XP level 16. HP: 105/105 MP: 24/24
 19301 | D:14     | Found a gate to the Vaults.
 19378 | D:15     | Entered Level 15 of the Dungeon
 19510 | D:15     | Found Dutidgh's Weapon Shoppe.
 19730 | D:15     | Found a staircase to the Depths.
 19805 | D:15     | Found a blossoming altar of Fedhas.
 20046 | D:15     | Found an ornate altar of the Wu Jian Council.
 20491 | Swamp:1  | Entered Level 1 of the Swamp
 20738 | Swamp:1  | You are sucked into a shaft and drop 1 floor!
 21551 | Swamp:2  | Found a transporter.
 21558 | Swamp:2  | Noticed Don Ynad's ghost (adept FoDe)
 21561 | Swamp:2  | Noticed a fenstrider witch
 21576 | Swamp:2  | Found a transporter.
 21822 | Swamp:2  | Reached XP level 17. HP: 106/112 MP: 26/26
 22041 | Swamp:2  | Acquired the ring of Ciob {rN+ Dex+6 Slay+6}
 22047 | Swamp:3  | Identified the serpent talisman of the Turtledove {rElec
                  | Slay+3}
 22047 | Swamp:3  | Noticed Aizul
 22089 | Swamp:2  | Killed Aizul
 22712 | Swamp:4  | Entered Level 4 of the Swamp
 22748 | Swamp:3  | Reached skill level 15 in Armour
 22792 | Swamp:3  | Reached skill level 15 in Shields
 22838 | Swamp:4  | Reached skill level 15 in Fighting
 23248 | Swamp:4  | Acquired 1128 gold pieces
 23686 | Swamp:4  | Found a basalt altar of Yredelemnul.
 23698 | Swamp:4  | Got a decaying rune of Zot
 23716 | Swamp:4  | Found a blossoming altar of Fedhas.
 24062 | Spider:1 | Entered Level 1 of the Spider Nest
 24119 | Spider:1 | Reached XP level 18. HP: 102/119 MP: 28/28
 24166 | Spider:1 | Acquired a manual of Long Blades
 24193 | Spider:1 | Noticed Louise
 24229 | Spider:1 | Killed Louise
 24814 | Spider:1 | Demolished by a radroach

Illustrated notes

Levels and vault maps discovered:
D:1:      lightli_arrival_lavapool, layout_loops_cross, minmay_hedge_maze,
          minmay_indecisive_spiral
D:2:      layout_loops_ring, basic_altar, minivault_26,
          kennysheep_generic_room_9
D:3:      layout_loops_ring, overflow_temple_1_default
D:4:      layout_cave_pools, nicolae_dithmenos_the_darkroom,
          grunt_temple_overflow_cloverleaf, minmay_temple_entry_large_hall,
          nicolae_ossuary_entry_false_entrances, uniq_robin
D:5:      layout_cave_pools, minmay_a_box_with_orc_wizards_in_it
D:6:      layout_loops_ring, portal_sewer_entry_b
D:7:      layout_basic, gammafunk_ghost_gnarly_gnolls, chequers_arboretum
D:8:      nzn_winding_woodlands_large [nzn_winding_woodlands_5x5_checkerboard,
          nzn_winding_woodlands_5x15_jagged,
          nzn_winding_woodlands_5x5_perimeter,
          nzn_winding_woodlands_center_pierced_h,
          nzn_winding_woodlands_15x15_killbox,
          nzn_winding_woodlands_center_garden,
          nzn_winding_woodlands_5x5_open_star,
          nzn_winding_woodlands_5x15_pathside_ponds,
          nzn_winding_woodlands_5x5_three], layout_gridville,
          kennysheep_cross_bottleneck
D:9:      layout_basic, small_statue_intersection
D:10:     layout_basic, david_lair_shrubbed, ebering_ghost_gozag, enter_bailey_3
D:11:     layout_layer_cave, david_orc_1_choice, nicolae_custom_books
D:12:     layout_loops_ring, gauntlet_entry_generic,
          ebering_ghost_disaster_area, uniq_kirke
D:13:     layout_roguey, hangedman_decor_points, lemuel_nasty_fountain
D:14:     layout_roguey, grunt_vaults_entry_tiered, minivault_11
D:15:     hangedman_depths_entry_civil_slaughter, layout_cave_pods,
          serial_shops, shop, fedhas_altar_3, pdpol_wu_jian_five_deadly_venoms
Lair:1:   regret_index_malice_mire, layout_regular_city, grunt_megastairs_5
Lair:2:   layout_roguey, mainiacjoe_swamp_entry_angry_trees,
          nicolae_spider_entry_non_spiders, serial_bayou_shore_a, uniq_erica
Lair:3:   layout_roguey, beast_lair_carwin_9
Lair:4:   layout_cellular_growth, slime_entry_1, serial_bayou_shore_b
Lair:5:   grunt_lair_end_beastmaster, layout_misc_corridors,
          gammafunk_ghost_hive, nzn_masters_of_martial_movement
Swamp:1:  layout_basic_swamp, nicolae_swamp_trees_clearing, swamp_pool_1_2,
          infiniplex_staircase_pool
Swamp:2:  layout_falls_marsh, gammafunk_ghost_arena,
          evilmike_swamp_ruin_house_3, ldierk_geyser, swamp_pool_1_2,
          hangedman_swamp_double_dragon
Swamp:3:  layout_basic_swamp, serial_swamp_ruin, evilmike_swamp_ruin_house_4,
          hangedman_swamp_ruin_wall, evilmike_swamp_ruin_house_5, uniq_aizul
Swamp:4:  byrel_swamp_growth_death_and_undeath, layout_basic_swamp,
          swamp_pool_4, beargit_elvish_explorers
Spider:1: layout_spider_delve, nicolae_spider_rock_and_or_roll, uniq_louise
Spider:2: layout_spider_delve, uniq_jorgrun, uniq_mlioglotl, uniq_donald
Orc:1:    layout_diamond_mine, gammafunk_ghost_berserking_beasts, serial_shops,
          uniq_fannar, uniq_harold, uniq_maurice
Orc:2:    st_orc_mages, layout_caves, uniq_azrael

Skill      XL: |  1  2  3  4  5  6  7  8  9 10 11 12 13 14 15 16 17 18 |
---------------+-------------------------------------------------------+-----
Long Blades    | 2 3 4 5 6 7 8 9 10 11 12 13 | 13.2
Shields        | 4 5 6 7 8 9 10 11 12 13 14 15 | 15.6
Armour         | 4 5 6 7 8 9 10 11 12 13 14 15 | 15.6
Fighting       | 4 5 6 7 8 9 10 11 12 13 14 15 | 15.6
Dodging        | 1 2 3 4 5 6 7 8 9 |  9.0
Invocations    | 1 2 3 4 5 6 7 9 10 11 12 13 14 | 14.0
Evocations     | 1 2 3 4 5 6 7 8 9 |  9.0

Action                     |  1- 3 |  4- 6 |  7- 9 | 10-12 | 13-15 | 16-18 || total
---------------------------+-------+-------+-------+-------+-------+-------++-------
  Melee: Long sword        |   144 |   288 |   445 |     8 |       |       ||   885
         Unarmed           |       |       |     2 |       |       |       ||     2
         Scimitar          |       |       |       |   648 |  1435 |  1216 ||  3299
  Evoke: Wand              |       |       |       |     6 |     1 |       ||     7
         Lightning rod     |       |       |       |     4 |       |     2 ||     6
    Use: Scroll            |     6 |     3 |     9 |     4 |     6 |    10 ||    38
         Potion            |       |       |     1 |     2 |     1 |     2 ||     6
   Stab: Petrifying        |       |       |       |       |     1 |       ||     1
         Petrified         |       |       |       |       |     1 |       ||     1
 Armour: Scale mail        |    64 |   101 |     6 |       |       |       ||   171
         Chain mail        |       |       |   236 |    52 |       |       ||   288
         Skin              |       |       |     1 |       |       |       ||     1
         Plate armour      |       |       |       |   261 |   427 |  1084 ||  1772
  Dodge: Dodged            |    42 |    37 |    57 |    66 |   298 |   301 ||   801
         Repelled          |       |       |       |     2 |     5 |    12 ||    19
  Block: Buckler           |    19 |       |       |       |       |       ||    19
         Tower shield      |    91 |   450 |   783 |  1335 |  2540 |  2417 ||  7616

Table legend: (Time is in decaauts)
 A = Elapsed time spent in this place.
 B = Non-inter-level travel time spent in this place.
 C = Inter-level travel time spent in this place.
 D = Time resting spent in this place.
 E = Time spent auto-exploring this place.
 F = Levels seen in this place.
 G = Mean time per level.
                   A        B        C        D        E       F      G
               +--------+--------+--------+--------+--------+-----+--------+
         Total |  25486 |  23784 |   1702 |    537 |  12989 |  32 |  796.4 |
       Dungeon |  13670 |  12630 |   1040 |    206 |   7584 |  15 |  911.3 |
          Lair |   4542 |   4160 |    382 |     31 |   2450 |   5 |  908.4 |
         Swamp |   3464 |   3336 |    128 |    223 |   1466 |   4 |  866.0 |
   Spider Nest |    720 |    701 |     19 |      0 |    242 |   2 |  360.0 |
  Orcish Mines |   1743 |   1612 |    131 |     77 |    821 |   2 |  871.5 |
         Sewer |    319 |    319 |      0 |      0 |    167 |   1 |  319.0 |
       Ossuary |    508 |    508 |      0 |      0 |    148 |   1 |  508.0 |
        Bailey |    218 |    218 |      0 |      0 |    111 |   1 |  218.0 |
      Gauntlet |    299 |    299 |      0 |      0 |      0 |   1 |  299.0 |
               +--------+--------+--------+--------+--------+-----+--------+

Top non-repeatable levels by time:
     D:8: 1381 daAuts
    D:11: 1353 daAuts
  Lair:1: 1213 daAuts
    D:10: 1151 daAuts
     D:7: 1126 daAuts
     D:9: 974 daAuts
 Swamp:2: 964 daAuts
   Orc:2: 957 daAuts
  Lair:4: 956 daAuts
 Swamp:3: 921 daAuts
 Swamp:4: 875 daAuts
  Lair:2: 859 daAuts
    D:14: 853 daAuts
  Lair:3: 827 daAuts
     D:2: 818 daAuts
